 Dungeon Crawl Stone Soup version 0.29.1-1-gd02db6906a (webtiles) character file.

Game seed: 6915060989977401784

85 LustLizard the Trooper (level 4, 0/37 HPs)
             Began as a Demonspawn Fighter on Oct 8, 2022.
             Slain by a gnoll
             ... wielding a +0 spear
              (1 damage)
             ... on level 2 of the Dungeon.
             The game lasted 00:02:11 (1821 turns).

LustLizard the Trooper (Demonspawn Fighter)         Turns: 1821, Time: 00:02:13

Health: 0/37       AC:  6    Str: 17    XL:     4   Next: 25%
Magic:  4/4        EV:  8    Int:  9    God:
Gold:   76         SH:  4    Dex: 14    Spells: 3/3 levels left

rFire   . . .      SeeInvis .   a - +0 long sword
rCold   . . .      Faith    .   c - +0 buckler
rNeg    . . .      Spirit   .   b - +0 scale mail
rPois   .          Reflect  .   (no helmet)
rElec   .          Harm     .   (no cloak)
rCorr   .          Rampage  .   (no gloves)
Will    .....                   (no boots)
Stlth   ..........              n - amulet of the acrobat
HPRegen 0.12/turn               o - ring of wizardry
MPRegen 0.09/turn               (no ring)

@: no status effects
A: hooves 1, demonic magic 1
a: no special abilities


You were on level 2 of the Dungeon.
You visited 1 branch of the dungeon, and saw 2 of its levels.

You collected 76 gold pieces.

Inventory:

Hand Weapons
 a - a +0 long sword (weapon)
Armour
 b - a +0 scale mail (worn)
 c - a +0 buckler (worn)
Jewellery
 k - a ring of fire
 n - an amulet of the acrobat (around neck)
 o - a ring of wizardry (left hand)
 p - a ring of resist corrosion
Scrolls
 e - a scroll of teleportation {unknown}
 g - 2 scrolls of identify {unknown}
 h - a scroll of poison {unknown}
 i - a scroll of amnesia {unknown}
 m - a scroll of immolation {unknown}
Potions
 d - 2 potions of might
 f - a potion of attraction {unknown}
 j - 2 potions of curing {unknown}
 l - a potion of heal wounds {unknown}
 q - a potion of mutation {unknown}
 r - a potion of resistance {unknown}


   Skills:
 + Level 3.8 Fighting
 * Level 3.5 Long Blades
 - Level 2.6 Armour
 - Level 2.6 Shields


You had 3 spell levels left.
You didn't know any spells.
Your spell library was empty.

Dungeon Overview and Level Annotations

Branches:
Dungeon (2/15)

Altars:

Shops:
D:1 !


Innate Abilities, Weirdness & Mutations

You have large cloven feet.
Spells you cast may paralyse adjacent enemies.


Message History

The quokka completely misses you. The gnoll barely misses you.
The gnoll attacks as you move away! The gnoll barely misses you.
The quokka misses you. x2
You closely miss the gnoll.
The gnoll is almost dead.
The gnoll hits you with a +0 whip.
You barely miss the gnoll.
The gnoll is almost dead.
You block the gnoll's attack. The gnoll hits you with a +0 whip.
You completely miss the gnoll. You kick the gnoll.
You kill the gnoll!
You have reached level 4!
You feel stronger.
You hit the gnoll.
The gnoll is heavily wounded.
The gnoll closely misses you.
You completely miss the gnoll. You kick the gnoll.
The gnoll is severely wounded.
A rat comes into view.
The gnoll hits you from afar with a +0 spear.
The gnoll closely misses you. x2
The gnoll hits you from afar with a +0 spear.
You slash the gnoll!
You kill the gnoll!
The gnoll hits you from afar with a +0 spear.
* * * LOW HITPOINT WARNING * * *
The gnoll completely misses you.
Items here: $ )) †.
The gnoll misses you.
You hit the gnoll but do no damage. You kick the gnoll, but do no damage.
The gnoll hits you with a +0 spear.
* * * LOW HITPOINT WARNING * * *
You completely miss the gnoll.
The quokka bites you but does no damage.
The gnoll hits you with a +0 spear.
* * * LOW HITPOINT WARNING * * *
The quokka bites you.
* * * LOW HITPOINT WARNING * * *
The gnoll hits you with a +0 spear.
You die...

....#.###<###.[.#.#
#.#.#.#.##.## #.....#
.##.#.#.#.###.###...###
...#.#.#.###..#.#.##
#.#...........##.#
#...........####.#
#................#
#.###..##r.##).##########
#.....rg@..##............
######.######.###########
##.## #.# ## #gg.# #.#
##. #.........# #.# #..
#...##...## #.# ##. #.#
##.## #.. ## # ..# #.# #
.## ###


You could see a gnoll, a quokka and a rat.

Vanquished Creatures
  Jessica (D:2)
  2 gnolls (D:2)
  2 dart slugs (D:1)
  4 endoplasms (D:1)
  2 giant cockroaches
  6 goblins
  4 hobgoblins
  A kobold (D:2)
  2 quokkas
  3 ball pythons
  2 bats
  3 frilled lizards
  2 rats (D:1)
34 creatures vanquished.

Notes
Turn   | Place    | Note
-------+----------+-------------------------------------------
     0 | D:1      | LustLizard the Demonspawn Fighter began the quest for the
                  | Orb.
     0 | D:1      | Reached XP level 1. HP: 18/18 MP: 1/1
   457 | D:1      | Gained mutation: Spells you cast may paralyse adjacent
                  | enemies. [demonic ancestry]
   457 | D:1      | Reached XP level 2. HP: 23/24 MP: 2/2
  1105 | D:1      | Found Kustium's Distillery.
  1386 | D:2      | Found a faded altar of an unknown god.
  1489 | D:2      | Noticed Jessica
  1495 | D:2      | Killed Jessica
  1496 | D:2      | Gained mutation: You have large cloven feet. [demonic
                  | ancestry]
  1496 | D:2      | Reached XP level 3. HP: 25/29 MP: 3/3
  1815 | D:2      | Reached XP level 4. HP: 18/37 MP: 4/4
  1821 | D:2      | HP: 1/37 [quokka (2)]
  1821 | D:2      | Slain by a gnoll

Illustrated notes

Levels and vault maps discovered:
D:1:      mrwooster_arrival_statue_2, layout_basic, serial_shops, shop
D:2:      minmay_spotlight, layout_loops_ring, nicolae_ecumenical_oubliette,
          basic_altar, uniq_sigmund, uniq_jessica

Skill      XL: |  1  2 |
---------------+-------+-----
Long Blades    | 2 3 |  3.5
Fighting       | |  3.8
Armour         | |  2.6
Shields        | |  2.6

Action                   |  1- 3 |  4- 6 || total
-------------------------+-------+-------++-------
Melee: Long sword        |   101 |     5 ||   106
       Kick              |    10 |     2 ||    12
Armor: Scale mail        |    38 |     1 ||    39
Dodge: Dodged            |    46 |     5 ||    51
Block: Buckler           |    20 |       ||    20
